 Dungeon Crawl Stone Soup version 0.30.1-9-gdf580d7c3d (webtiles) character file.

Game seed: 14568484100658456318

384 booth the Insei (level 6, -2/47 HPs)
             Began as a Demonspawn Transmuter on Oct 24, 2023.
             Slain by Edmund
             ... wielding a +4 dire flail of protection
              (16 damage)
             ... on level 5 of the Dungeon on Oct 25, 2023.
             The game lasted 00:19:49 (3581 turns).

booth the Insei (Demonspawn Transmuter)             Turns: 3581, Time: 00:19:50

Health: -2/47      AC:  3    Str: 12    XL:     6   Next: 47%
Magic:  10/10      EV: 12    Int: 14    God:
Gold:   139        SH:  0    Dex: 14    Spells: 7/10 levels left

rFire   . .          .
                       - Unarmed
rCold   . . .        (no shield)
rNeg    . . .        a - +0 robe
rPois   .            (helmet currently unavailable)
rElec   .            (no cloak)
rCorr   .            (no gloves)
SInv    .            (boots currently unavailable)
Will    .....        (no amulet)
Stlth   +            (no ring)
HPRegen 0.27/turn    (no ring)
MPRegen 0.12/turn

%: no passive effects
@: appendages
A: horns 2, talons 2, hooves 2, rugged brown scales 1, demonic guardian 1
a: End Transformation


You were on level 5 of the Dungeon.
You had temporarily grown beastly horns and talons.
You visited 1 branch of the dungeon, and saw 5 of its levels.

You collected 139 gold pieces.

Inventory:

Missiles
 r - 3 poisoned darts (quivered)
Armour
 a - a +0 robe (worn)
 j - a +0 leather armour
 o - the +7 ring mail "Afizorredo" {rC++}
   (You took it off a kobold on level 3 of the Dungeon)

   rC:        It greatly protects you from cold.
Jewellery
 n - an amulet of faith
Wands
 f - a wand of digging (10)
 l - a wand of mindburst (15)
 p - a wand of flame (15)
Scrolls
 c - 3 scrolls of torment
 h - 2 scrolls of summoning
 i - a scroll of poison
 k - a scroll of blinking
 s - a scroll of vulnerability {unknown}
 t - a scroll of enchant weapon {unknown}
Potions
 b - a potion of lignification
 d - 3 potions of curing
 e - a potion of heal wounds
 g - a potion of haste
 m - a potion of degeneration {unknown}
 q - a potion of cancellation {unknown}


   Skills:
 + Level 2.4 Fighting
 + Level 2.8 Dodging
 * Level 4.3 Unarmed Combat
 + Level 2.9 Spellcasting
 * Level 3.6 Transmutations


You had 7 spell levels left.
You knew the following spells:

 Your Spells              Type           Power      Damage    Failure   Level
a - Beastly Appendage     Tmut           24%        N/A       4%          1
b - Wereblood             Tmut           12%        N/A       8%          2

Your spell library contained the following spells:

 Spells                   Type           Power      Damage    Failure   Level
 Spider Form              Tmut/Pois      7%         N/A       30%         3
 Ice Form                 Ice/Tmut       7%         N/A       71%         4


Dungeon Overview and Level Annotations

Branches:
Dungeon (5/15)
 Temple: D:4-7

Altars:
Kikubaaqudgha
Uskayaw

Annotations:
D:5 Edmund


Innate Abilities, Weirdness & Mutations

You have temporarily grown beastly horns and talons.
You have hoof-like feet.
You are partially covered in rugged brown scales. (AC +1, +3% HP)
A weak demonic guardian rushes to your aid.


Message History

Magic restored.
You start resting.
Edmund is nearby!
Items here: ))) ††.
Items here: ))) †††.
You see here a water moccasin skeleton.
Edmund shouts!
Casting: Wereblood (safe; 8% risk of failure)
Confirm with . or Enter, or press ? or * to list all spells.
You grow a pair of large bovine horns.
Your feet morph into talons.
Aiming: Throw Flame
Press: ? - help, Q - select action, (/) - cycle Shift-Dir - straight line, f - Edmund
Aim: Edmund, wielding a +4 dire flail of protection and wearing a +0 chain mail (77% to hit)
The puff of flame hits Edmund but does no damage.
Aiming: Mindburst
Press: ? - help, Q - select action, (/) - cycle Shift-Dir - straight line, f/p - Edmund
Aim: Edmund, wielding a +4 dire flail of protection and wearing a +0 chain mail (chance to affect: 64%) Edmund's mind is blasted!!
You barely miss Edmund. You claw Edmund, but do no damage.
Edmund is heavily wounded.
Edmund hits you with a +4 dire flail of protection!
You hit Edmund but do no damage. You claw Edmund, but do no damage.
Edmund is heavily wounded.
Edmund hits you with a +4 dire flail of protection.
You hit Edmund.
Edmund is heavily wounded.
Edmund barely misses you.
You hit Edmund but do no damage. Your kick misses Edmund.
Edmund is heavily wounded.
Edmund hits you with a +4 dire flail of protection!
* * * LOW HITPOINT WARNING * * *
A demonic guardian appears!
You hit Edmund but do no damage. You claw Edmund, but do no damage.
Your headbutt misses Edmund.
Edmund is heavily wounded.
You hit Edmund but do no damage. You claw Edmund, but do no damage.
You headbutt Edmund, but do no damage.
Edmund is heavily wounded.
Edmund hits you with a +4 dire flail of protection!
You die...

.. ... ###
....###.#
........##
.8.......###
...o.o.....#
.o..######.# o
###.######
#...))÷@@#
#########
#...####5#####
#.......# #...#
#.....# #.#####.#
#.##.#
#####.###.#####.#
#.. ..#
#........##.# ...
#.. #####.##.##.#
...# ...
#.##.##.# ..# ...
#.......# ..## .
#.#######


You could see Edmund (ally target) and a friendly shadow imp (summoned).

Vanquished Creatures
  2 scorpions (D:5)
  An orc priest (D:5)
  2 hounds
  4 adders
  4 orcs (D:5)
  4 ball pythons (D:2)
  3 bats
  3 endoplasms
  3 giant cockroaches
  3 goblins
  A hobgoblin (D:2)
  4 jackals (D:2)
  6 kobolds
  3 quokkas
  2 frilled lizards (D:3)
  3 rats (D:3)
48 creatures vanquished.

Vanquished Creatures (collateral kills)
  A water moccasin (D:5)
1 creature vanquished.

Grand Total: 49 creatures vanquished

Notes
Turn   | Place    | Note
-------+----------+-------------------------------------------
     0 | D:1      | booth the Demonspawn Transmuter began the quest for the
                  | Orb.
     0 | D:1      | Reached XP level 1. HP: 15/15 MP: 3/3
   131 | D:1      | Found a faded altar of an unknown god.
   236 | D:1      | You fall into a shaft and drop 1 floor!
   292 | D:2      | Lost mutation: You have razor-sharp toenails. [demonic
                  | ancestry]
   292 | D:2      | Lost mutation: You have sharp toenails. [demonic ancestry]
   292 | D:2      | Gained mutation: You have large cloven feet. [demonic
                  | ancestry]
   292 | D:2      | Reached XP level 2. HP: 21/21 MP: 3/5
   412 | D:2      | Reached skill level 3 in Unarmed Combat
   808 | D:2      | Learned a level 2 spell: Wereblood
  1294 | D:3      | Identified the +7 ring mail "Afizorredo" {rC++}
  1449 | D:3      | Gained mutation: You are partially covered in rugged brown
                  | scales. (AC +1, +3% HP) [demonic ancestry]
  1449 | D:3      | Reached XP level 3. HP: 10/26 MP: 4/6
  1801 | D:3      | Noticed an ice beast
  1997 | D:3      | Found a hide-covered altar of Uskayaw.
  1997 | D:3      | Found an ancient bone altar of Kikubaaqudgha.
  2569 | D:4      | Identified the +2 sling of Checks and Balances {heavy,
                  | rF++}
  2653 | D:4      | Gained mutation: A weak demonic guardian rushes to your
                  | aid. [demonic ancestry]
  2653 | D:4      | Reached XP level 4. HP: 30/32 MP: 5/7
  3220 | D:5      | Entered Level 5 of the Dungeon
  3233 | D:5      | Reached XP level 5. HP: 31/39 MP: 8/8
  3329 | D:5      | Noticed a water moccasin
  3348 | D:5      | Killed a water moccasin
  3349 | D:5      | Reached skill level 4 in Unarmed Combat
  3349 | D:5      | Lost mutation: You have razor-sharp toenails. [demonic
                  | ancestry]
  3349 | D:5      | Lost mutation: You have sharp toenails. [demonic ancestry]
  3349 | D:5      | Gained mutation: You have hoof-like feet. [demonic
                  | ancestry]
  3349 | D:5      | Reached XP level 6. HP: 10/45 MP: 8/10
  3497 | D:5      | Noticed Edmund
  3581 | D:5      | Slain by Edmund

Illustrated notes

Levels and vault maps discovered:
D:1:      minmay_arrival_checkered_box, layout_loops_cross,
          ebering_ecumenical_altar_petrified, kennysheep_nondescript,
          minmay_distorted
D:2:      layout_basic
D:3:      minmay_recursive_quarters, layout_basic,
          amethyst_overflow_temple_binary
D:4:      layout_basic
D:5:      layout_loops_cross, serial_bayou_pond_d, nrook_mini_backslash,
          grunt_ministairs_6, uniq_edmund, uniq_grinder

Skill      XL: |  1  2  3  4  5 |
---------------+----------------+-----
Transmutations | 2 3 |  3.6
Unarmed Combat | 3 4 |  4.3
Dodging        | 2 |  2.8
Fighting       | 2 |  2.4
Spellcasting   | |  2.9

Action                     |  1- 3 |  4- 6 || total
---------------------------+-------+-------++-------
  Melee: Unarmed           |   117 |    71 ||   188
         Kick              |    29 |    20 ||    49
         Headbutt          |    12 |    12 ||    24
         Punch             |     2 |       ||     2
   Cast: Beastly Appendage |    22 |     7 ||    29
         Wereblood         |     1 |     1 ||     2
  Evoke: Wand              |       |     2 ||     2
    Use: Scroll            |     7 |       ||     7
         Potion            |       |     2 ||     2
   Stab: Sleeping          |     1 |       ||     1
 Armour: Robe              |    20 |     8 ||    28
  Dodge: Dodged            |    56 |    40 ||    96
